[Event "*** SCC Grand Prix: Titled Tuesday Blitz"]
[Site "Chess.com"]
[Date "2020.06.09"]
[Round "2"]
[White "i_am_sankalp"]
[Black "MateSchmate"]
[Result "0-1"]
[WhiteElo "2186"]
[BlackElo "2434"]
[TimeControl "180+1"]
[EndTime "9:18:22 PDT"]
[Termination "MateSchmate won by resignation"]

1. e4 e6 2. d4 d5 3. Nc3 Bb4 4.
e5 c5 5. a3 Bxc3+ 6. bxc3 Qc7 7.
Rb1 Nc6 8. h4 Nge7 9. h5 h6 10.
Qg4 Nf5 11. Bd3 Nce7 12. Nf3 Bd7 13. Qf4 c4 14. Be2 g5 15. hxg6 Nxg6 16. Qd2 h5 17.
Qg5 Ba4 18. Kd1 h4 19. Rb4 b5 20. Nh2 a5 21. Rb1 Qe7 22. Ng4 Qxg5 23. Bxg5 Kd7 24. Nf6+ Kc6 25. Bg4 Ng7 26. Kd2 Ne8 27. Rh2 Nc7 28.
Rbh1 Rab8 29. g3 hxg3 30. Rxh8 Rxh8 31. Rxh8 Nxh8 32. fxg3 b4 33. axb4 axb4 34. cxb4 Kb5 35. c3 Na6 36. Bh5 Nxb4 37. cxb4 Kxb4 38. Bd1 c3+ 39. Kc1 Bxd1 40. Kxd1 Kc4 41. Be3 Kd3 42. Bg1 Ng6 43. Nd7 Ne7 44. Nc5+ Kc4 45. Kc2 Nc6 46. Nb3 Nb4+ 0-1

[Event "*** SCC Grand Prix: Titled Tuesday Blitz"]
[Site "Chess.com"]
[Date "2020.06.09"]
[Round "2"]
[White "Nor1lsk"]
[Black "GMBenjaminBok"]
[Result "1-0"]
[WhiteElo "2592"]
[BlackElo "2848"]
[TimeControl "180+1"]
[EndTime "9:18:24 PDT"]
[Termination "Nor1lsk won on time"]

1. e4 c6 2. Nc3 d5 3. f4 dxe4 4.
Nxe4 Nf6 5. Nf2 g6 6. Nf3 Bg7 7. g3 O-O 8. Bg2 c5 9. O-O Nc6 10. b3 Nd5 11. Rb1 Bf5 12. Bb2 Ncb4 13. d3 Bxb2 14. Rxb2 Ne3 15. Qe2 Nxf1 16. Bxf1 Nc6 17. g4 Be6 18. c3 Qd6 19. Qe3 Bd5 20. Ng5 h6 21. Nge4 Bxe4 22. Nxe4 Qe6 23. Bh3 f5 24.
gxf5 gxf5 25. Rg2+ Kh8 26. Qxc5 Rg8 27. Bxf5 Rxg2+ 28. Kxg2 Rg8+ 29. Ng3 Qe2+ 30. Kh3 Qf3 31. Qc4 Rxg3+ 32.
hxg3 Qh1+ 33. Kg4 Qd1+ 34. Kh4 Qh1+ 35. Bh3 Kg7 36. Qe6 1-0

[Event "*** SCC Grand Prix: Titled Tuesday Blitz"]
[Site "Chess.com"]
[Date "2020.06.09"]
[Round "2"]
[White "profofchess"]
[Black "lucachess49"]
[Result "1-0"]
[WhiteElo "2454"]
[BlackElo "2222"]
[TimeControl "180+1"]
[EndTime "9:18:24 PDT"]
[Termination "profofchess won by checkmate"]

1. e4 e5 2. Nf3 Nc6 3. Nc3 Nf6 4. Bb5 Bb4 5. O-O O-O 6. d3 d6 7. Ne2 Ne7 8. c3 Ba5 9. Ng3 h6 10. d4 exd4 11. cxd4 Bd7 12. Bd3 a6 13. h3 Bb5 14.
Bxb5 axb5 15. Qd3 c6 16. b3 Re8 17. Bb2 Ng6 18. Rfd1 Qd7 19. d5 Ne5 20. Nxe5 dxe5 21. dxc6 Qxc6 22. Rac1 Qa6 23. Nf5 Kh7 24. Qg3 g6 25.
Nd6 Re6 26. Nxf7 Rf8 27. Nxe5 Nxe4 28. Qd3 Nc5 29. Rxc5 Ref6 30. Qd7+ Kg8 31. Qd5+ Kh7 32. Ng4 R6f7 33. Qe5 Bb6 34. Qe3 Bxc5 35. Qxh6+ Kg8 36.
Qh8# 1-0

[Event "*** SCC Grand Prix: Titled Tuesday Blitz"]
[Site "Chess.com"]
[Date "2020.06.09"]
[Round "2"]
[White "ehrenfeld"]
[Black "KuzubovYuriy"]
[Result "0-1"]
[WhiteElo "2499"]
[BlackElo "2744"]
[TimeControl "180+1"]
[EndTime "9:18:25 PDT"]
[Termination "KuzubovYuriy won on time"]

1. e4 c5 2. d3 Nc6 3. f4 d5 4.
Be2 Nf6 5. e5 Nd7 6. Nf3 Nb6 7.
c3 Bf5 8. Na3 e6 9. O-O Be7 10.
Nc2 d4 11. c4 Qc7 12. Nd2 h6 13. Ne4 Nxc4 14. Bf3 Nb6 15. Bd2 Nd5 16. Rc1 Rd8 17.
Qe2 O-O 18. g4 Bh7 19. Na3 Ndb4 20. Nc4 Kh8 21. a3 Nd5 22. Kh1 f6 23. Ncd6 fxe5 24.
fxe5 Nxe5 25. Nc4 Nxf3 26. Rxf3 Rxf3 27. Qxf3 Rf8 28. Qe2 b5 29. Na5 Nf4 30. Bxf4 Qxf4 31. Re1 Bd6 32. Nxd6 Qxd6 33. Nb3 c4 34. Nd2 Bxd3 35.
Qg2 e5 0-1

[Event "*** SCC Grand Prix: Titled Tuesday Blitz"]
[Site "Chess.com"]
[Date "2020.06.09"]
[Round "2"]
[White "Matibar"]
[Black "witcher8"]
[Result "1-0"]
[WhiteElo "2721"]
[BlackElo "2406"]
[TimeControl "180+1"]
[EndTime "9:18:25 PDT"]
[Termination "Matibar won by resignation"]

1. e4 c6 2. Nc3 d5 3. Nf3 Bg4 4. h3 Bh5 5. exd5 cxd5 6. Bb5+ Nc6 7. g4 Bg6 8. Ne5 Rc8 9. d4 e6 10. Qe2 Bd6 11. h4 Bxe5 12. Qxe5 Qf6 13. Qe2 h5 14.
Nxd5 Qxd4 15. Nf4 Bxc2 16. Nxh5 a6 17. Qxc2 axb5 18. Qe2 Nb4 19. Qxb5+ Kf8 20. Kf1 Qd1+ 21. Kg2 Qxg4+ 22. Ng3 Nf6 23. Qxb7 Rd8 24. Be3 Nd3 25. Rad1 Rxh4 26. Rxh4 Qxh4 27. Bc5+ Kg8 28. Bb6 Rd7 29. Qb8+ Kh7 30. Rh1 Qxh1+ 31. Kxh1 Ng4 32. Kg2 Rd5 33.
Qc8 Nge5 34. Qc2 g6 35. Be3 Nb4 36. Qc7 Nxa2 37. Ne4 Kg7 38. Nc3 Rd3 39. Qxe5+ 1-0

[Event "*** SCC Grand Prix: Titled Tuesday Blitz"]
[Site "Chess.com"]
[Date "2020.06.09"]
[Round "2"]
[White "aakankshachess"]
[Black "Khazieva_Elza"]
[Result "0-1"]
[WhiteElo "2441"]
[BlackElo "2252"]
[TimeControl "180+1"]
[EndTime "9:18:25 PDT"]
[Termination "Khazieva_Elza won on time"]

1. e4 c5 2. Nf3 d6 3. Bb5+ Nd7 4. O-O a6 5. Bxd7+ Bxd7 6. d4 cxd4 7. Qxd4 h6 8. c4 Nf6 9. Nc3 Rc8 10. b3 Qc7 11. a4 Qc5 12. Qd3 g6 13. Ba3 Qh5 14.
Rad1 Bc6 15. b4 Bg7 16. b5 axb5 17. axb5 Bd7 18. e5 dxe5 19. Bxe7 Kxe7 20. Qd6+ Ke8 21. Nxe5 Be6 22. Rfe1 Bf8 23. Qb6 Bb4 24. Qxb7 Bxc3 25. Nc6 Kf8 26. Qe7+ Kg7 27. Rc1 Bxe1 28. Rxe1 Rhe8 29.
Qd6 Qg5 30. b6 Bh3 0-1

[Event "*** SCC Grand Prix: Titled Tuesday Blitz"]
[Site "Chess.com"]
[Date "2020.06.09"]
[Round "2"]
[White "pawnwonder"]
[Black "FontVella8"]
[Result "0-1"]
[WhiteElo "2191"]
[BlackElo "2438"]
[TimeControl "180+1"]
[EndTime "9:18:25 PDT"]
[Termination "FontVella8 won on time"]

1. e4 c6 2. d4 d5 3. Nc3 dxe4 4. Nxe4 Nf6 5. Nxf6+ exf6 6. c3 Bd6 7. Bd3 Qc7 8. Qc2 Be6 9. Ne2 Nd7 10. g3 O-O-O 11. Bd2 h5 12. O-O-O h4 13. Bf4 g5 14. Bxd6 Qxd6 15. c4 Kb8 16. Be4 Rhe8 17. Kb1 Bxc4 18. Qxc4 Rxe4 19. Nc3 Re7 20. d5 Nb6 21. Qd4 cxd5 22.
gxh4 gxh4 23. Qxh4 Qc6 24. Qf4+ Ka8 25. Rhe1 Rxe1 26.
Rxe1 d4 27. Rd1 Qd7 28. Qxf6 Nc4 29. Nb5 Rc8 30. Nxd4 Qa4 31. Qf3 Rd8 32. Qb3 Qa6 33. Qc3 Qg6+ 34. Ka1 Qg4 35. Rd3 Qg1+ 0-1

[Event "*** SCC Grand Prix: Titled Tuesday Blitz"]
[Site "Chess.com"]
[Date "2020.06.09"]
[Round "2"]
[White "Danesz22"]
[Black "DaggiGretarsson"]
[Result "1-0"]
[WhiteElo "2353"]
[BlackElo "2606"]
[TimeControl "180+1"]
[EndTime "9:18:26 PDT"]
[Termination "Danesz22 won by checkmate"]

1. e4 g6 2. d4 Bg7 3. Nc3 d6 4.
h3 a6 5. a4 b6 6. Nf3 Bb7 7. Be3 Nd7 8. Bc4 e6 9. Qe2 Ne7 10. Bb3 h6 11. Rd1 O-O 12. h4 Nf6 13.
Bc1 h5 14. e5 Ng4 15. Ne4 Bxe4 16. Qxe4 d5 17. Qe2 c5 18. c3 Nc6 19. Bc2 Bh6 20. Ng5 Qc7 21. f3 Ngxe5 22. dxe5 Qxe5 23.
Qxe5 Nxe5 24. O-O Bg7 25. Rfe1 b5 26. a5 Nc6 27. g4 Nxa5 28. gxh5 gxh5 29. Kf2 Nc4 30.
Rg1 Ne5 31. Rg2 Kh8 32. Rdg1 Bf6 33. Bf4 a5 34. Re1 Nd7 35. Nh7 Rg8 36. Nxf6 Nxf6 37. Be5 Rxg2+ 38. Kxg2 Kg7 39. Kh3 Kh6 40. Bxf6 a4 41.
Rg1 a3 42. Bg7# 1-0

[Event "*** SCC Grand Prix: Titled Tuesday Blitz"]
[Site "Chess.com"]
[Date "2020.06.09"]
[Round "2"]
[White "Oglob71"]
[Black "VincentKeymer"]
[Result "1-0"]
[WhiteElo "2534"]
[BlackElo "2750"]
[TimeControl "180+1"]
[EndTime "9:18:28 PDT"]
[Termination "Oglob71 won by resignation"]

1. d4 Nf6 2. Nf3 e6 3. c4 d5 4. Bg5 dxc4 5. Qc2 c5 6. dxc5 Bxc5 7. Qxc4 Qb6 8. e3 Nbd7 9. Qb5 Ne4 10. Qxb6 Nxb6 11.
Bf4 Bb4+ 12. Nfd2 Nd5 13. Bb5+ Bd7 14. Bxd7+ Kxd7 15. Ke2 Nxf4+ 16. exf4 Nf6 17. Nc4 Rac8 18. Ne3 Ke7 19. a3 Bc5 20. Nc3 Bd4 21. Rhc1 Bxc3 22.
Rxc3 Rxc3 23. bxc3 Rc8 24. Kd3 Ne8 25. Rb1 Nd6 26. c4 Rc5 27. g3 b6 28. Rb3 Kd7 29.
h4 f6 30. Kd4 Kc7 31. Rb4 Ra5 32. Rb3 Nb7 33. Nc2 Nc5 34. Re3 Ra4 35. Kc3 Kd6 36.
h5 Ra5 37. g4 h6 38. f3 Nd7 39. Rd3+ Kc7 40. Kb4 Rc5 41. Nd4 Nf8 42. Nb5+ Kb7 43.
Rd8 a6 44. Rxf8 axb5 45. cxb5 e5 46. Rf7+ Kb8 47. Rxg7 exf4 48. Rg6 f5 49. Rxb6+ Kc7 50. Kxc5 1-0

[Event "*** SCC Grand Prix: Titled Tuesday Blitz"]
[Site "Chess.com"]
[Date "2020.06.09"]
[Round "2"]
[White "Fh2411"]
[Black "rududuyk"]
[Result "1-0"]
[WhiteElo "2442"]
[BlackElo "2195"]
[TimeControl "180+1"]
[EndTime "9:18:28 PDT"]
[Termination "Fh2411 won on time"]

1. d4 e6 2. Nf3 f5 3. g3 Nf6 4.
Bg2 Be7 5. O-O O-O 6. c4 d6 7. Nc3 Ne4 8. Qc2 Nxc3 9. Qxc3 a5 10. Re1 Bf6 11. e4 Nc6 12. e5 dxe5 13. dxe5 Be7 14.
a3 Qe8 15. Bf4 Qh5 16. h4 h6 17. Qe3 a4 18. Rad1 Na5 19. c5 Nb3 20. c6 Bc5 21. Qc3 b6 22. Be3 Ba6 23. Bxc5 Nxc5 24. Nd4 g5 25. hxg5 hxg5 26. Qf3 g4 27. Qf4 Rf7 28. f3 Rh7 29. fxg4 Qh2+ 30. Kf2 Nd3+ 31. Rxd3 Bxd3 32.
Rh1 fxg4 33. Rxh2 Rxh2 34. Qg5+ Kh8 35. Nxe6 1-0

[Event "*** SCC Grand Prix: Titled Tuesday Blitz"]
[Site "Chess.com"]
[Date "2020.06.09"]
[Round "2"]
[White "von_Eschenbach"]
[Black "gui_borba"]
[Result "0-1"]
[WhiteElo "2446"]
[BlackElo "2336"]
[TimeControl "180+1"]
[EndTime "9:18:29 PDT"]
[Termination "gui_borba won on time"]

1. e4 c6 2. d4 d5 3. Nc3 dxe4 4. Nxe4 Nf6 5. Nxf6+ exf6 6. c3 Bd6 7. Bd3 O-O 8. Qc2 Re8+ 9. Ne2 h5 10. Be3 Nd7 11. O-O-O Nf8 12. Nf4 Bxf4 13. Bxf4 Be6 14. Kb1 b5 15.
Bf5 a5 16. Bxe6 Nxe6 17. Be3 a4 18. a3 Qd5 19. g4 hxg4 20. h3 g3 21. fxg3 Ra7 22.
Rdf1 Rae7 23. Rh2 Nxd4 24. cxd4 Rxe3 25. Rd1 Rxg3 26. h4 Rge3 27. h5 Re1 28. h6 Qxd4 29. Rd2 Qe4 30. hxg7 Rxd1+ 31. Rxd1 Qxc2+ 32. Kxc2 Kxg7 33. Rg1+ Kf8 34. Kc3 Re4 35. Rf1 Ke7 36. Rf5 Ke6 37. Rc5 Rc4+ 38. Rxc4 bxc4 39. Kxc4 f5 40. b3 axb3 41. Kxb3 Kd6 42. Kc4 Kc7 43. Kd4 Kb6 44. Ke5 Kb5 45. Kxf5 Ka4 46. Ke5 Kxa3 47. Kd6 f5 48. Kxc6 f4 49. Kd5 f3 50. Ke4 f2 51.
Ke3 f1=Q 0-1

[Event "*** SCC Grand Prix: Titled Tuesday Blitz"]
[Site "Chess.com"]
[Date "2020.06.09"]
[Round "2"]
[White "BikingBrian"]
[Black "WildTricks"]
[Result "0-1"]
[WhiteElo "2298"]
[BlackElo "2515"]
[TimeControl "180+1"]
[EndTime "9:18:29 PDT"]
[Termination "WildTricks won by resignation"]

1. d4 f5 2. Nc3 Nf6 3. Bg5 d5 4. e3 e6 5. Nf3 a6 6. Bd3 c5 7.
dxc5 Bxc5 8. Na4 Bd6 9. Bxf6 gxf6 10. Nd2 Nc6 11. Qh5+ Ke7 12. O-O b5 13. Nc3 Qe8 14. Qh4 Qg6 15. Be2 h5 16. f3 Bd7 17. e4 Rag8 18. g3 dxe4 19. Ncxe4 fxe4 20. Nxe4 Be5 21.
c3 Kf7 22. Rad1 Rd8 23. Bd3 Qg7 24. f4 Bb8 25. Rfe1 e5 26. Bc2 Be6 27. Rxd8 Rxd8 28. fxe5 Nxe5 29. Qxh5+ Kf8 30. Rf1 Ng4 31. h3 Ba7+ 32.
Kh1 Nf2+ 33. Nxf2 Qxg3 34. Qh8+ Ke7 35. Qxf6+ Kxf6 36. Ne4+ Ke5 37. Nxg3 Bd5+ 38. Kh2 Rg8 39. Re1+ Kd6 40. Nf5+ Kc7 41. Re7+ Kb8 42. Re2 Bf3 43. Rf2 Bxf2 0-1

[Event "*** SCC Grand Prix: Titled Tuesday Blitz"]
[Site "Chess.com"]
[Date "2020.06.09"]
[Round "2"]
[White "CalinGheorghiu"]
[Black "MarcoRiehle"]
[Result "0-1"]
[WhiteElo "2339"]
[BlackElo "2636"]
[TimeControl "180+1"]
[EndTime "9:18:30 PDT"]
[Termination "MarcoRiehle won on time"]

1. d4 d5 2. c4 e6 3. Nc3 c5 4. cxd5 cxd4 5. Qxd4 Nc6 6. Qa4 exd5 7. Nf3 d4 8. Nb5 Nf6 9. g3 Bb4+ 10. Bd2 Bxd2+ 11. Nxd2 O-O 12. Bg2 d3 13. e3 a6 14. Nc3 Bd7 15. Qh4 Ne5 16. O-O Bc6 17. e4 h6 18. Qf4 Re8 19. Rfe1 Qd7 20. Rad1 Rad8 21. Nb3 Qc8 22. Na5 Rd4 23. Qe3 Red8 24. Nd5 Ra4 25. Nxf6+ gxf6 26. Nxc6 Qxc6 27. Qxh6 Rxa2 28. Qh5 Qe6 29. Bh3 Qe8 30. Bf5 Ng6 31. e5 fxe5 32. Re4 Rxb2 33. Qh6 Qf8 34. Qg5 Qe7 35. Qh5 Qf6 36. Rg4 Rd6 37.
h4 d2 38. Be4 Rb4 39. Qh6 Rxe4 40. Rxe4 Qf3 0-1

[Event "*** SCC Grand Prix: Titled Tuesday Blitz"]
[Site "Chess.com"]
[Date "2020.06.09"]
[Round "2"]
[White "LiemLe"]
[Black "Roman_Ovetchkin"]
[Result "1/2-1/2"]
[WhiteElo "2904"]
[BlackElo "2600"]
[TimeControl "180+1"]
[EndTime "9:18:31 PDT"]
[Termination "Game drawn by repetition"]

1. c4 Nf6 2. Nc3 g6 3. e4 d6 4. d4 Bg7 5. h3 O-O 6. Nf3 e5 7. d5 Nh5 8. g3 Qe8 9. Be2 f5 10. exf5 gxf5 11. Nh4 Nf6 12. Qc2 e4 13. Be3 Na6 14.
a3 Nc5 15. O-O-O Bd7 16. Kb1 a5 17. Rhg1 Qe7 18. g4 Nxg4 19. Nxf5 Bxf5 20. Bxg4 Bg6 21.
Ka2 Nd3 22. Be6+ Kh8 23. Rxg6 hxg6 24. Nxe4 Ne5 25. Bg5 Qe8 26. f4 Nf3 27. Qf2 Nxg5 28.
Nxg5 Bh6 29. Qd4+ Bg7 30. Qf2 Bh6 31. Rg1 Qe7 32. Qc2 Rf6 33. Ne4 Rxf4 34. Rxg6 Bg7 35. Ng5 Raf8 36. Qe2 Rh4 37. Qe1 Rh6 38. Qe4 Rf6 39.
Rxh6+ Bxh6 40. Nf3 Qg7 41. Nh4 Bg5 42. Nf5 Qg6 43.
h4 Bh6 44. Qd4 Kh7 45. Qe4 Kh8 46. Qd4 Bg7 47. Qe4 Bh6 1/2-1/2

[Event "*** SCC Grand Prix: Titled Tuesday Blitz"]
[Site "Chess.com"]
[Date "2020.06.09"]
[Round "2"]
[White "Omk124"]
[Black "yobdc"]
[Result "0-1"]
[WhiteElo "2421"]
[BlackElo "2216"]
[TimeControl "180+1"]
[EndTime "9:18:31 PDT"]
[Termination "yobdc won by resignation"]

1. e4 e5 2. Nf3 Nc6 3. Bc4 Bc5 4. c3 Nf6 5. d3 d6 6. O-O a5 7. Nbd2 a4 8. a3 h6 9. Bb5 Bd7 10. Bxa4 g5 11. Bxc6 Bxc6 12. d4 exd4 13. cxd4 Bb6 14. d5 Bb5 15. Re1 Ng4 16. Qb3 Bxf2+ 17. Kh1 Ba6 18. e5 Bxe1 19. Qa4+ Qd7 20. Qxd7+ Kxd7 21. Nxe1 Nxe5 22. Ne4 f5 23. Ng3 f4 24. Ne4 Nd3 25. Bd2 Rhf8 26. Bc3 Ne5 27. Nf3 Rae8 28. Nxe5+ dxe5 29.
Nc5+ Kc8 30. Re1 Bc4 31. Ne6 Rf7 32. Rxe5 Bxd5 33. Rxd5 Rxe6 34. Kg1 Rd7 35. Rf5 Re2 36. Kf1 Rc2 37. Ke1 Rxg2 38. Bf6 b6 39. h4 Rf7 40.
hxg5 hxg5 41. Rxg5 Rxg5 42. Bxg5 Kd7 43. Kf2 Ke6 44. Kf3 Kd5 45. Bxf4 Kc4 46. Ke3 Rxf4 47.
Kxf4 Kb3 48. Ke4 Kxb2 49. Kd5 Kxa3 50. Kc6 Ka4 51. Kxc7 0-1

[Event "*** SCC Grand Prix: Titled Tuesday Blitz"]
[Site "Chess.com"]
[Date "2020.06.09"]
[Round "2"]
[White "AradNazari"]
[Black "MikeSailer"]
[Result "1-0"]
[WhiteElo "2409"]
[BlackElo "2065"]
[TimeControl "180+1"]
[EndTime "9:18:32 PDT"]
[Termination "AradNazari won by resignation"]

1. e4 d5 2. exd5 Qxd5 3. Nc3 Qd6 4. Nf3 Nf6 5. d4 c6 6. Be2 Bg4 7. O-O e6 8. Ne5 Bxe2 9. Qxe2 Qxd4 10. Rd1 Qh4 11.
Nb5 Na6 12. Nd4 Bc5 13. Be3 O-O 14. Nexc6 bxc6 15. Qxa6 Ng4 16. h3 Nxe3 17. fxe3 Qg3 18. Rd3 Rad8 19. Qxc6 Bb6 20. Qf3 Qe5 21. c3 Qc7 22.
Rad1 Rd5 23. Ne2 Rf5 24. Qg4 g6 25. Nd4 Rd5 26. Kh1 Qc4 27. Qe2 Qxa2 28. Nf3 Rfd8 29.
Rxd5 Rxd5 30. Rxd5 Qxd5 31. Kg1 Qe4 32. Kf2 h5 33. Nd2 Qf4+ 34. Nf3 Qe4 35. Qd2 Kh7 36. Ng5+ 1-0

[Event "*** SCC Grand Prix: Titled Tuesday Blitz"]
[Site "Chess.com"]
[Date "2020.06.09"]
[Round "2"]
[White "pavelalexandru07"]
[Black "Oligan22"]
[Result "1-0"]
[WhiteElo "2151"]
[BlackElo "2408"]
[TimeControl "180+1"]
[EndTime "9:18:33 PDT"]
[Termination "pavelalexandru07 won by resignation"]

1. e4 c6 2. d4 d5 3. e5 Bf5 4.
Nf3 e6 5. Be2 c5 6. Be3 Qb6 7.
Nc3 Qxb2 8. Qb1 Qxb1+ 9. Rxb1 c4 10. Rxb7 Na6 11. Kd2 Bb4 12. Rb1 Ne7 13. R1xb4 Nxb4 14. Rxb4 O-O 15. Nh4 Rfb8 16. Rxb8+ Rxb8 17. Nxf5 Nxf5 18. Kc1 h6 19. g4 Ne7 20. f4 f5 21. h3 Kf7 22. Bf3 Rg8 23. Nb5 g5 24. Nd6+ Kg6 25.
c3 Rf8 26. fxg5 hxg5 27. Kd2 Rh8 28. gxf5+ exf5 29. Bg2 g4 30. Bf4 gxh3 31. Bh1 Rh4 32. Ke3 Kh5 33. Kf3 Ng6 34. Bg3 Rg4 35. Nxf5 Kg5 36.
Ne3 Re4 37. Kf2 Rf4+ 38. Bxf4+ Kxf4 39. Nxd5+ Kg4 40. Ne3+ Kf4 41. Nxc4 1-0

[Event "*** SCC Grand Prix: Titled Tuesday Blitz"]
[Site "Chess.com"]
[Date "2020.06.09"]
[Round "2"]
[White "rynos0411"]
[Black "ZenBull"]
[Result "1-0"]
[WhiteElo "2414"]
[BlackElo "2105"]
[TimeControl "180+1"]
[EndTime "9:18:33 PDT"]
[Termination "rynos0411 won on time"]

1. d4 Nf6 2. c4 e6 3. Nf3 d5 4. Nc3 Bb4 5. cxd5 exd5 6. Bg5 h6 7. Bxf6 Qxf6 8. Qa4+ Nc6 9. e3 O-O 10. Be2 Rd8 11.
O-O Bf8 12. Rac1 Ne7 13. Ne5 Ng6 14. Nxg6 Qxg6 15. Bf3 c6 16. b4 b5 17. Qb3 Qd6 18. Ne2 Bd7 19. a3 a5 20. Rb1 axb4 21. axb4 Ra4 22.
Nf4 Rxb4 23. Qc3 Ra8 24. Nd3 Rba4 25. Nc5 Ra3 26. Qc2 Be8 27. Rfd1 Qg6 28. Qe2 Ra2 29. Qe1 Bxc5 30. dxc5 Qc2 31. e4 dxe4 32. Bxe4 Qxc5 33.
Rbc1 Qg5 34. Bxc6 Bxc6 35. Rxc6 Qf5 36. Rcd6 Qc2 37. h3 Qc4 38. Qe3 b4 39. R6d4 Qc2 40.
R4d2 Qc3 41. Rd8+ 1-0

[Event "*** SCC Grand Prix: Titled Tuesday Blitz"]
[Site "Chess.com"]
[Date "2020.06.09"]
[Round "2"]
[White "vinniethepooh"]
[Black "Alexander_Moskalenko"]
[Result "0-1"]
[WhiteElo "2557"]
[BlackElo "2811"]
[TimeControl "180+1"]
[EndTime "9:18:35 PDT"]
[Termination "Alexander_Moskalenko won by resignation"]

1. d4 e6 2. c4 d5 3. Nc3 Nf6 4. cxd5 Nxd5 5. e4 Nxc3 6. bxc3 c5 7. Nf3 cxd4 8. cxd4 Bb4+ 9. Bd2 Bxd2+ 10. Qxd2 O-O 11. Bc4 b6 12. d5 Na6 13. dxe6 fxe6 14. Qxd8 Rxd8 15. Ne5 Nc5 16. f3 Ba6 17. Bxa6 Nxa6 18. Ke2 Nb4 19. Rhc1 Rac8 20. Rxc8 Rxc8 21. a3 Nc2 22. Ra2 Kf8 23. Kd2 Nd4 24. Kd3 Nc6 25.
Nxc6 Rxc6 26. a4 Ke7 27. Rb2 Kd6 28. a5 bxa5 29. Rb7 Rc7 30. Rb5 Rc5 31. Rb7 a6 32. Rb6+ Rc6 33. Rb7 a4 34. Rb4 a3 35. Ra4 Kc5 36.
Rxa3 Kb4 37. Ra1 a5 38. Rb1+ Ka4 39. Ra1+ Kb5 40. Rb1+ Ka6 41. Rb8 a4 42. Ra8+ Kb5 43. Ra7 g5 44. Rxh7 a3 45. Ra7 Kb4 46. Rb7+ Ka4 47.
Ra7+ Kb3 48. Rb7+ Ka2 49. g3 e5 50. Ke3 Rc3+ 51. Ke2 Rb3 52. Ra7 Kb2 53. h4 gxh4 54. gxh4 a2 55. h5 a1=Q 56. Rxa1 Kxa1 57. f4 exf4 58. h6 Re3+ 0-1

[Event "*** SCC Grand Prix: Titled Tuesday Blitz"]
[Site "Chess.com"]
[Date "2020.06.09"]
[Round "2"]
[White "Fusikk"]
[Black "Raja3401"]
[Result "1-0"]
[WhiteElo "2579"]
[BlackElo "2813"]
[TimeControl "180+1"]
[EndTime "9:18:36 PDT"]
[Termination "Fusikk won by resignation"]

1. d4 Nf6 2. c4 e6 3. Nf3 d5 4. Nc3 c6 5. e3 Nbd7 6. Qc2 Bd6 7. Bd3 O-O 8. O-O dxc4 9. Bxc4 b5 10. Be2 Bb7 11. e4 e5 12. Bg5 Re8 13. Rad1 Qc7 14. h3 b4 15. dxe5 Nxe5 16. Bxf6 gxf6 17. Na4 c5 18. Nxe5 Rxe5 19. f3 Rae8 20. Bc4 Bf8 21. b3 Rg5 22. Nb2 Qg3 23. Qf2 Qxh3 24.
Bd5 Bxd5 25. Rxd5 Qh6 26. Rxg5+ fxg5 27. Nc4 Qh4 28. Qxh4 gxh4 29. Rd1 Re6 30. Rd5 Ra6 31. Rd2 Bg7 32. e5 h5 33. f4 Bh6 34. Rf2 Kg7 35. Kh2 Rg6 36. Ne3 Kf8 37. Nf5 Ra6 38.
Nxh4 f6 39. Nf5 fxe5 40. fxe5 Ke8 41. Nd6+ Ke7 42. Rf6 Bg5 43. Nc8+ 1-0

[Event "*** SCC Grand Prix: Titled Tuesday Blitz"]
[Site "Chess.com"]
[Date "2020.06.09"]
[Round "2"]
[White "NM2019"]
[Black "Grieve72"]
[Result "0-1"]
[WhiteElo "2024"]
[BlackElo "2404"]
[TimeControl "180+1"]
[EndTime "9:18:36 PDT"]
[Termination "Grieve72 won on time"]

1. c4 f5 2. Nc3 Nf6 3. d4 d6 4.
Nf3 g6 5. Qc2 Bg7 6. g3 O-O 7. Bg2 c6 8. O-O Na6 9. a3 Qc7 10. Rd1 e5 11. d5 Nc5 12. b4 Nce4 13. Nxe4 Nxe4 14. Bb2 Bd7 15. Nd2 Nf6 16. Rac1 Rae8 17.
e4 f4 18. gxf4 Nh5 19. fxe5 Bxe5 20. Bxe5 Rxe5 21. Nf3 Ree8 22. c5 Bg4 23. cxd6 Qxd6 24. dxc6 Qf4 25. cxb7 Bxf3 26. Qb3+ Kg7 27. Rd7+ Kh6 28.
Rcc7 Qg4 29. Rxh7+ Kg5 30. Qe3+ Rf4 31. h4+ Kxh4 32. Kf1 Qxg2+ 33. Ke1 Rfxe4 0-1

[Event "*** SCC Grand Prix: Titled Tuesday Blitz"]
[Site "Chess.com"]
[Date "2020.06.09"]
[Round "2"]
[White "NicoChasin"]
[Black "mfwagnerpeixoto"]
[Result "1-0"]
[WhiteElo "2473"]
[BlackElo "2276"]
[TimeControl "180+1"]
[EndTime "9:18:37 PDT"]
[Termination "NicoChasin won by resignation"]

1. e4 c5 2. Nf3 e6 3. d4 cxd4 4. Nxd4 Nc6 5. Nc3 Qc7 6. g3 a6 7.
Bg2 Nf6 8. O-O Nxd4 9. Qxd4 Bc5 10. Qd3 Ng4 11. h3 Ne5 12. Qe2 d6 13. Rd1 O-O 14.
Kh1 Bd7 15. f4 Ng6 16. Be3 Bxe3 17. Qxe3 Bc6 18. Rd2 Rad8 19. Rad1 b5 20. h4 h6 21. h5 Ne7 22. a3 a5 23. Ne2 d5 24. Nd4 dxe4 25. Nxc6 Nxc6 26. Qxe4 Ne7 27. Rxd8 Rxd8 28. Rxd8+ Qxd8 29. Qa8 Qxa8 30. Bxa8 b4 31. axb4 axb4 32. Kg2 Kf8 33. Kf3 Ke8 34. Ke4 Nf5 35. g4 Nh4 36.
Kd4 g6 37. hxg6 Nxg6 38. f5 exf5 39. gxf5 Ne7 40. Be4 Kd7 41. Kc5 h5 42. Kxb4 h4 43.
Kc5 Kc7 44. b4 Ng8 45. b5 Nf6 46. b6+ Kb8 47. Bf3 h3 48. Kd6 h2 49. c4 Ng4 50. c5 Ne3 51. f6 Nf5+ 52. Kd7 Nd4 53. Bg2 h1=Q 54. Bxh1 Ne6 55. c6 Nc7 56. bxc7+ Ka7 57.
c8=Q 1-0

[Event "*** SCC Grand Prix: Titled Tuesday Blitz"]
[Site "Chess.com"]
[Date "2020.06.09"]
[Round "2"]
[White "Sychev_Klementy"]
[Black "Oneofmyturns"]
[Result "1-0"]
[WhiteElo "2863"]
[BlackElo "2575"]
[TimeControl "180+1"]
[EndTime "9:18:38 PDT"]
[Termination "Sychev_Klementy won by checkmate"]

1. e4 e5 2. Nf3 Nc6 3. Bb5 a6 4. Ba4 Nf6 5. O-O b5 6. Bb3 Bc5 7. a4 Rb8 8. c3 d6 9. d4 Bb6 10. a5 Ba7 11. h3 O-O 12. Be3 Ra8 13. Nbd2 h6 14. Re1 Re8 15. Nf1 exd4 16. cxd4 Rxe4 17. Ng3 Re7 18. Qd2 Qf8 19. Rec1 Bd7 20. Rc2 d5 21. Ne5 Nxe5 22. dxe5 Rxe5 23. Bxa7 Rxa7 24. Qd4 c5 25. Qxe5 c4 26. Ba2 Be6 27. Rd1 Rd7 28. Rcd2 Qd8 29.
Bb1 Qxa5 30. Nf5 b4 31. Nxh6+ Kf8 32. Bf5 Qb6 33. Ng4 Nxg4 34. hxg4 a5 35. Re2 Rd6 36. Qd4 Qc6 37. Re3 a4 38. Rh3 a3 39. bxa3 b3 40. Rh8+ Ke7 41. Qxg7 c3 42. Qf8+ Kf6 43. Rh6+ Ke5 44.
Qg7+ Kf4 45. Rd4# 1-0

[Event "*** SCC Grand Prix: Titled Tuesday Blitz"]
[Site "Chess.com"]
[Date "2020.06.09"]
[Round "2"]
[White "sergiochess83"]
[Black "viktorskliarov"]
[Result "0-1"]
[WhiteElo "2824"]
[BlackElo "2590"]
[TimeControl "180+1"]
[EndTime "9:18:38 PDT"]
[Termination "viktorskliarov won by resignation"]

1. e4 c5 2. Nf3 Nc6 3. Bb5 e6 4. O-O Nge7 5. d4 cxd4 6. Nxd4 a6 7. Be2 b5 8. a4 Nxd4 9. Qxd4 Nc6 10. Qe3 b4 11. Nd2 Be7 12. Nc4 O-O 13. Rd1 a5 14.
Qh3 d5 15. Qh5 g6 16. Qh6 d4 17. Bf4 Bf6 18. e5 Bg7 19. Qh3 Ba6 20. Qg3 Rc8 21. Re1 Bxc4 22. Bxc4 Ne7 23. Bd3 Nd5 24. Bd2 Qc7 25.
b3 Nc3 26. f4 Qc6 27. h3 Qd5 28. Kh2 Rc5 29. Rf1 Qc6 30. Rae1 Nd5 31. Qf3 Rxc2 32. Bxc2 Qxc2 33. Rf2 d3 34. Qe4 Qxb3 35. Rc1 Nc3 36. Qd4 Ne2 37. Qc4 Nxc1 38. Qxc1 Qxa4 39. Qc5 Qc2 40. Qxa5 b3 41. Qb4 b2 42. Be3 b1=Q 0-1

[Event "*** SCC Grand Prix: Titled Tuesday Blitz"]
[Site "Chess.com"]
[Date "2020.06.09"]
[Round "2"]
[White "totoro9"]
[Black "Efremov_Vlad"]
[Result "1-0"]
[WhiteElo "2539"]
[BlackElo "2168"]
[TimeControl "180+1"]
[EndTime "9:18:38 PDT"]
[Termination "totoro9 won on time"]

1. e4 c5 2. Nf3 a6 3. c3 d5 4. e5 Nc6 5. d4 cxd4 6. cxd4 Bg4 7.
Be3 e6 8. Nc3 Nge7 9. Bd3 Nf5 10. Bxf5 Bxf5 11. O-O Bb4 12. Rc1 O-O 13. Na4 Rc8 14.
a3 Be7 15. Nc5 Na5 16. b4 Bxc5 17. dxc5 Nc4 18. Qb3 Qc7 19. Nd4 Qxe5 20. a4 Bg6 21. Rfe1 Qc7 22. b5 e5 23. Nf3 axb5 24. axb5 f5 25.
Ng5 Qe7 26. f4 h6 27. Nf3 exf4 28. Bxf4 Qxc5+ 29. Kh1 Kh8 30. Nh4 Bh7 31. Be5 Rce8 32. Qg3 Qe7 33. Bc3 Qf7 34. Nf3 f4 35. Qg4 Ne3 36.
Qh4 Kg8 37. Nd4 Rc8 38. Nf3 Rfe8 39. Ne5 1-0